Description

This build order is really strong against most of standard playstyle. You open with a 2 adepts / 2 stalkers with a proxy robo. The timing is before the end of the warp gate.

Notes :

  • 2 chronoboost on the economy
  • Cut probes at 16 on minerals / 3 in each gas and 1 on the map
  • Units : adept x2, Stalkers x2
  • Third chronoboost on the immortal
  • Next chronoboost On the warp prism
  • Attack as soon has you have 1 immortal+ 2 adepts + 2 stalkers

VOD

https://youtu.be/K4W6hELx1cU

Replay - Braunbär v IIIIIIIIIIII - Eternal Empire LE

Build Order

Get SALT Encoding   

  12  0:01  Probe  
  13  0:13  Probe  
  14  0:18  Pylon  
  14  0:25  Probe (Chrono Boost)  
  15  0:38  Probe x2 (Chrono Boost), Gateway  
  16  0:46  Assimilator  
  17  0:53  Probe  
  17  0:56  Assimilator  
  18  1:05  Probe  
  19  1:12  Gateway  
  19  1:18  Probe (Chrono Boost)  
  20  1:27  Cybernetics Core  
  20  1:28  Probe x2 (Chrono Boost)  
  21  1:39  Pylon  
  23  2:03  Adept x2  
  23  2:04  Warp Gate  
  27  2:09  Robotics Facility  
  27  2:32  Pylon  
  27  2:33  Stalker x2  
  31  2:54  Immortal (Chrono Boost)  
  35  3:06  Pylon  
  35  3:23  Warp Prism (Chrono Boost)  
  37  3:52  Immortal  
  37  3:53  Stalker x2  
  41  4:16  Stalker x2  
  43  4:40  Stalker  
Spawning Tool Build Advisor. Get it on Overwolf

Go to:

Details

  • Created by: zuka      
  • Published on: Jan 24, 2020
  • Modified on: Jan 24, 2020
  • Patch: 4.11.0
Show
View Real Time Build Order
Export as new Build Order

Comments (0)

There are no comments. Be the first!

Create an account to comment!